 Dungeon Crawl Stone Soup version 0.30-a0-1157-g2cc9ac7196 (webtiles) character file.

Game seed: 17620908655028505837

45 cheesebisquit the Grave Robber (level 3, 0/39 HPs)
             Began as a Hill Orc Necromancer on Apr 24, 2023.
             Slain by an orc
             ... wielding a +0 flail
              (4 damage)
             ... on level 2 of the Dungeon.
             The game lasted 00:03:35 (1487 turns).

cheesebisquit the Grave Robber (HONe)               Turns: 1487, Time: 00:03:36

Health: 0/39       AC:  2    Str: 10    XL:     3   Next: 64%
Magic:  0/5        EV: 12    Int: 17    God:
Gold:   19         SH:  0    Dex: 11    Spells: 4/5 levels left

rFire   . . .        c - +0 hand axe
rCold   . . .        (no shield)
rNeg    . . .        a - +0 robe
rPois   .            (no helmet)
rElec   .            (no cloak)
rCorr   .            (no gloves)
SInv    .            (no boots)
Will    .....        (no amulet) Stlth
                     (no ring)
HPRegen 0.26/turn    (no ring)
MPRegen 0.09/turn

%: no passive effects
@: berserking, very quick
A: no striking features
a: Convert to Beogh


You were on level 2 of the Dungeon.
You visited 1 branch of the dungeon, and saw 2 of its levels.

You collected 30 gold pieces.
You spent 11 gold pieces at shops.

Inventory:

Hand Weapons
 c - a +0 hand axe (weapon)
Armour
 a - a +0 robe (worn)
Scrolls
 b - a scroll of magic mapping {unknown}
 d - a scroll of amnesia
 f - a scroll of identify {unknown}
Potions
 e - a potion of degeneration
 h - a potion of curing {unknown}


   Skills:
 - Level 1.5 Dodging
 - Level 1.5 Stealth
 - Level 1.5 Spellcasting
 + Level 5.2 Necromancy


You had 4 spell levels left.
You knew the following spells:

 Your Spells              Type           Power      Damage    Failure   Level
a - Necrotise             Necr           76%        1d7       2%          1

Your spell library contained the following spells:

 Spells                   Type           Power      Damage    Failure   Level
 Vampiric Draining        Necr           19%        2d7       7%          3
 Animate Dead             Necr           19%        N/A       22%         4
 Agony                    Necr           19%        N/A       54%         5


Dungeon Overview and Level Annotations

Branches:
Dungeon (2/15)

Altars:

Shops:
D:1 !


Message History

Your orc skeleton hits the orc priest but does no damage.
Aiming: Necrotise (safe; 2% risk of failure)
Press: ? - help, Q - select action Shift-Dir - straight line, f - orc, p - orc priest
Aim: an orc, wielding a +0 mace (chance to affect: 89%)
The orc writhes in agony.
The orc priest hits your orc skeleton with a +0 hand axe!
Your orc skeleton is destroyed!
The orc completely misses you. The orc hits you with a +0 mace!
* * * LOW HITPOINT WARNING * * *
Okay, then.
As you read the scroll labelled XEIXITENIQ, it crumbles to dust.
It is a scroll of amnesia.
Really abort (and waste the scroll)?
Okay, then.
The orc hits you with a +0 flail.
* * * LOW HITPOINT WARNING * * *
The orc priest miscasts a cantrip.
The orc barely misses you.
It was a potion of berserk rage.
A red film seems to cover your vision as you go berserk!
You feel yourself moving faster!
You feel mighty! The orc closely misses you. x3
The orc priest shouts, "Surrender to Beogh and we'll let you live!"
You slash the orc!
You kill the orc!
You slash the orc!
You kill the orc!
You hit the orc. You completely miss the orc priest.
The orc priest shouts, "Surrender to Beogh and we'll let you live!"
The orc priest is lightly wounded.
You hit the orc but do no damage.
The orc priest shouts, "Join the one true god or die!"
The orc hits you with a +0 flail.
* * * LOW HITPOINT WARNING * * *
The orc priest shouts, "Join the one true god or die!"
The orc priest closely misses you.
You closely miss the orc priest.
The orc priest is lightly wounded.
You hit the orc. The orc hits you with a +0 flail.
You die...

..# #...# #.# ###.# #
#.# #.# #. #.# #.# #.
#.# ##.# ##.# #.# ##Z.#
#.##...##.########...###
'...).)o................
#.....o@..########...###
#####.##### #..## # #.##
#.# #.# #.# #.# #.# #.#
#


You could see an orc priest and an orc.

Vanquished Creatures
  An adder (D:2)
  3 orcs (D:2)
  5 ball pythons
  2 endoplasms
  2 giant cockroaches (D:1)
  2 hobgoblins (D:2)
  4 kobolds
  2 quokkas
  4 bats
  2 frilled lizards (D:1)
  3 rats
30 creatures vanquished.

Notes
Turn   | Place    | Note
-------+----------+-------------------------------------------
     0 | D:1      | cheesebisquit the Hill Orc Necromancer began the quest for
                  | the Orb.
     0 | D:1      | Reached XP level 1. HP: 14/14 MP: 3/3
   270 | D:1      | Found a faded altar of an unknown god.
   315 | D:1      | Reached XP level 2. HP: 11/20 MP: 2/4
   857 | D:1      | Found Daley's Distillery.
   861 | D:1      | Bought a potion of degeneration for 11 gold pieces
  1056 | D:1      | You fall into a shaft and drop 1 floor!
  1069 | D:2      | Reached skill level 5 in Necromancy
  1069 | D:2      | Reached XP level 3. HP: 26/26 MP: 0/5
  1487 | D:2      | Slain by an orc

Illustrated notes

Levels and vault maps discovered:
D:1:      dpeg_arrival_arbitrary_a, layout_basic, serial_shops,
          nicolae_shop_rolling_square, ebering_ecumenical_altar_mist
D:2:      layout_loops_corners, uniq_jessica, uniq_sigmund, uniq_terence

Skill      XL: |  1  2 |
---------------+-------+-----
Necromancy     | 5 |  5.2
Dodging        | |  1.5
Stealth        | |  1.5
Spellcasting   | |  1.5

Action                     || total
---------------------------++-------
  Melee: Hand axe          ||     8
   Cast: Necrotise         ||    59
    Use: Potion            ||     2
         Scroll            ||     1
 Armour: Robe              ||     4
  Dodge: Dodged            ||    14

Table legend: (Time is in decaauts)
 A = Elapsed time spent in this place.
 B = Non-inter-level travel time spent in this place.
 C = Inter-level travel time spent in this place.
 D = Time resting spent in this place.
 E = Time spent auto-exploring this place.
 F = Levels seen in this place.
 G = Mean time per level.
                   A        B        C        D        E       F      G
               +--------+--------+--------+--------+--------+-----+--------+
         Total |   1487 |   1487 |      0 |      0 |   1334 |   2 |  743.5 |
       Dungeon |   1487 |   1487 |      0 |      0 |   1334 |   2 |  743.5 |
               +--------+--------+--------+--------+--------+-----+--------+

Top non-repeatable levels by time:
     D:1: 1056 daAuts
     D:2: 431 daAuts
